 Dungeon Crawl Stone Soup version 0.18-a0-1203-gbde16db (webtiles) character file.

518 spook the Ducker (level 7, -3/54 HPs)
             Began as a Human Berserker on Jan 31, 2016.
             Was a Priest of Trog.
             Slain by an ogre
             ... wielding a +0 giant club
              (18 damage)
             ... on level 5 of the Dungeon.
             The game lasted 00:49:13 (7058 turns).

spook the Ducker (Human Berserker)                  Turns: 7058, Time: 00:49:13

Health: -3/54      AC:  7    Str: 19    XL:     7   Next: 45%
Magic:  7/7        EV:  8    Int:  7    God:    Trog [***...]
Gold:   234        SH:  0    Dex: 13    Spells: 0 memorised, 6 levels left

rFire  . . .     SeeInvis +     p - +2 spear (pierce)
rCold  + . .     Gourm    .     s - +0 ring mail
rNeg   . . .     Faith    .     (no shield)
rPois  .         Spirit   .     (no helmet)
rElec  .         Dismiss  +     S - +0 cloak
rCorr  .         Reflect  .     (no gloves)
SustAt .         Harm     .     c - +0 pair of boots {Fly}
MR     .....                    B - amulet of dismissal
Stlth  +.........               H - ring of see invisible
                                i - ring of protection from cold

@: flying, not resistant to hostile enchantments, very unstealthy
A: no striking features
a: Berserk, Trog's Hand, Burn Spellbooks, Renounce Religion, Stop Flying


You were on level 5 of the Dungeon.
You worshipped Trog.
Trog was most pleased with you.
You were not hungry.

You visited 1 branch of the dungeon, and saw 5 of its levels.

You collected 234 gold pieces.

Inventory:

Hand Weapons
 a - a +0 hand axe
 b - a +0 rapier
 e - a +0 dagger
 f - a +0 dagger
 g - a +0 hand axe
 h - a +0 club
 k - a +0 short sword
 l - a +0 dagger
 o - a +0 mace
 p - a +2 spear of piercing (weapon)
 q - a +0 dagger
 u - a +0 hunting sling
 v - a +3 quarterstaff of chaos
 x - a +0 dagger
 E - a +0 falchion
 G - a +0 hand axe
 I - a +0 mace
 J - a +0 hunting sling
 L - a +0 trident
 N - a +0 hand axe
 P - a +0 hunting sling
 Q - a +0 dagger
 U - a +0 falchion
 W - a +0 mace
 X - a +0 flail
Missiles
 d - 97 stones (quivered)
 m - 25 bolts
 t - 7 javelins of penetration
 A - 12 arrows of frost
 F - 45 arrows
Armour
 c - a +0 pair of boots of flying (worn)
 s - a +0 ring mail (worn)
 w - a +0 leather armour
 C - a +0 cloak
 S - a +0 cloak (worn)
Jewellery
 i - a ring of protection from cold (left hand)
 B - an amulet of dismissal (around neck)
 H - a ring of see invisible (right hand)
 K - a cursed -4 ring of protection {unknown}
Scrolls
 n - 2 scrolls of remove curse
 y - a scroll of fog
 R - 2 scrolls of teleportation {unknown}
 Z - a scroll of enchant weapon {unknown}
Potions
 j - a potion of cure mutation {unknown}
 r - a potion of curing {unknown}
 z - a potion of poison {unknown}
 D - a potion of might {unknown}
Comestibles
 M - a slice of pizza
 Y - a bread ration


   Skills:
 + Level 4.0 Fighting
 + Level 4.1(4.3) Axes
 + Level 1.4(3.0) Maces & Flails
 + Level 0.4(2.5) Polearms
 + Level 1.0 Throwing
 + Level 3.0 Armour
 + Level 5.0 Dodging
 + Level 2.1 Stealth


You had 6 spell levels left.
You didn't know any spells.

Dungeon Overview and Level Annotations

Branches:
Dungeon (5/15)
 Temple: D:4-7

Altars:

Shops:
D:4 =

Annotations:
D:2 Natasha


Message History

You hit the gnoll but do no damage. The gnoll hits you but does no damage.
The gnoll barely misses you. x2
You hit the gnoll.
The gnoll is moderately wounded.
The gnoll barely misses you.
The gnoll hits you but does no damage. x2
An iguana comes into view.
You puncture the gnoll!
You kill the gnoll!
Trog accepts your kill.
Your Armour skill increases to level 3!
The gnoll closely misses you. The gnoll barely misses you.
The iguana moves out of view.
You hit the ogre.
The ogre is moderately wounded.
The ogre hits you with a giant club!! The gnoll barely misses you.
The gnoll hits you from afar with a halberd!
* * * LOW HITPOINT WARNING * * *
There is a stone staircase leading down here.
The ogre hits you with a giant club!!
You die...

#..(... #.##.#
....... #.##.#
#..... #.##.#
#..... #.##.#
..... ###.##.###.#
#..####
#..........#
#lgg..#
#.####.#####
#..##O# #.# #.#
#.. #@# #.# #.#
.... #.# #.# #.#
....# #.####.# #.#
#..O.
#......####.######
......
#####.............
#.#...
##.####.#####. #.#
#.#####. ..#
#....... ###
#######.


You could see an ogre.

Vanquished Creatures
  Menkaure (D:4)
  Crazy Yiuf (D:5)
  2 orc wizards
  A giant frog skeleton (D:4)
  An iguana (D:4)
  Natasha (D:2)
  A worker ant (D:4)
  A hound skeleton (D:5)
  2 gnolls (D:5)
  8 adders (D:3)
  An adder skeleton (D:4)
  2 worms (D:2)
  5 giant geckos
  9 orcs
  7 bats
  2 giant cockroaches (D:1)
  5 hobgoblins
  10 ball pythons
  9 giant newts
  9 goblins
  A jackal skeleton (D:4)
  11 kobolds
  8 rats
98 creatures vanquished.

Notes
Turn   | Place    | Note
--------------------------------------------------------------
     0 | D:1      | spook the Human Berserker began the quest for the Orb.
     0 | D:1      | Reached XP level 1. HP: 18/18 MP: 1/1
   937 | D:1      | Reached XP level 2. HP: 22/24 MP: 2/2
  1517 | D:2      | Reached XP level 3. HP: 15/29 MP: 3/3
  2116 | D:2      | Noticed Natasha
  2168 | D:4      | Reached XP level 4. HP: 13/35 MP: 4/4
  2202 | D:4      | Found Miec's Jewellery Emporium.
  2216 | D:4      | Noticed Menkaure
  2236 | D:4      | Killed Menkaure
  2236 | D:4      | Reached ** piety under Trog
  2236 | D:4      | Reached skill level 4 in Axes
  2236 | D:4      | Reached skill level 1 in Stealth
  2236 | D:4      | Reached XP level 5. HP: 3/41 MP: 5/5
  2630 | D:4      | HP: 2/41 [iguana (9)]
  2632 | D:4      | Reached XP level 6. HP: 4/47 MP: 6/6
  3428 | D:3      | Found a faded altar to an unknown god.
  4922 | D:2      | Killed Natasha
  5287 | D:2      | Noticed Natasha
  5915 | D:1      | Reached *** piety under Trog
  5964 | D:3      | Reached XP level 7. HP: 53/53 MP: 7/7
  5983 | D:3      | Reached skill level 1 in Maces & Flails
  6659 | D:5      | Entered Level 5 of the Dungeon
  6877 | D:5      | Noticed Crazy Yiuf
  6899 | D:5      | Killed Crazy Yiuf
  6899 | D:5      | Reached skill level 5 in Dodging
  7051 | D:5      | Reached skill level 1 in Throwing
  7058 | D:5      | Slain by an ogre

Vault maps used:
D:1:      dpeg_arrival_rooms_b, minmay_misc_feat_tiny
D:2:      first_bread, uniq_natasha
D:3:      ecumenical_altar_1, minmay_snake_closets
D:4:      serial_shops, shop, uniq_menkaure
D:5:      minivault_24, elyvilon_altar_4, uniq_crazy_yiuf_cottage

Action                   |  1- 3 |  4- 6 |  7- 9 || total
-------------------------+-------+-------+-------++-------
Melee: Hand axe          |   110 |    29 |       ||   139
       Mace              |       |   148 |       ||   148
       Spear             |       |    16 |    56 ||    72
Throw: Stone             |       |    24 |    10 ||    34
Invok: Berserk           |       |     5 |     2 ||     7
  Use: Scroll            |     3 |     4 |     2 ||     9
 Stab: Sleeping          |     1 |     2 |       ||     3
       Distracted        |       |     1 |       ||     1
  Eat: Bread ration      |     1 |     1 |       ||     2
       Meat ration       |       |     2 |     2 ||     4
       Pizza             |       |     1 |       ||     1
